 Dungeon Crawl Stone Soup version 0.17.1-3-g152610e (webtiles) character file.

11249 Jerry the Blocker (level 12, -6/97 HPs)
             Began as a Formicid Fighter on Apr 5, 2016.
             Was the Champion of Cheibriados.
             Mangled by a 15-headed hydra (9 damage)
             ... on level 2 of the Lair of Beasts.
             The game lasted 00:59:00 (10135 turns).

Jerry the Blocker (Formicid Fighter)               Turns: 10135, Time: 00:59:00

Health: -6/97      AC: 17    Str: 39    XL:     12   Next: 5%
Magic:  19/26      EV: 23    Int: 21    God:    Cheibriados [******]
Gold:   228        SH: 16    Dex: 28    Spells: 0 memorised, 11 levels left

rFire  . . .     SeeInvis +     S - +10 hand axe of Evil {chop, rElec rPois MP+9 Str-2}
rCold  . . .     Clarity  .     b - +2 troll leather armour "Peah" {rPois Regen+ rCorr Str+4 Int-3}
rNeg   . . .     SustAt   .     c - +0 shield
rPois  +         Gourm    .     (helmet unavailable)
rElec  +         Spirit   .     Y - +0 cloak
rCorr  +         Warding  .     H - +1 pair of gloves
rMut   +         Stasis   +     o - +1 pair of boots
MR     +....                    Q - amulet of resist mutation
Stlth  ++........               j - +3 ring of protection
                                s - +3 ring of evasion

@: very slow, somewhat resistant to hostile enchantments, unstealthy
A: permanent stasis, dig shafts and tunnels, four strong arms, antennae 3,
robust 2, MP-powered wands
a: Dig, Shaft Self, Bend Time, Temporal Distortion, Slouch, Step From Time,
Renounce Religion


You were on level 2 of the Lair of Beasts.
You worshipped Cheibriados.
Cheibriados was exalted by your worship.
You were not hungry.

You visited 2 branches of the dungeon, and saw 11 of its levels.

You collected 808 gold pieces.
You spent 580 gold pieces at shops.

Inventory:

Hand Weapons
 S - the +10 hand axe of Evil (weapon) {chop, rElec rPois MP+9 Str-2}
   (You found it on level 7 of the Dungeon)

   It inflicts extra damage upon your enemies.
   It affects your strength (-2).
   It insulates you from electricity.
   It protects you from poison.
   It affects your magic capacity (+9).
Missiles
 g - 3 throwing nets (quivered)
Armour
 b - the +2 troll leather armour "Peah" (worn) {rPois Regen+ rCorr Str+4 Int-3}
   (You bought it in a shop on level 9 of the Dungeon)

   It affects your strength (+4).
   It affects your intelligence (-3).
   It protects you from poison.
   It increases your rate of regeneration.
   It protects you from acid and corrosion.
 c - a +0 shield (worn)
 o - a +1 pair of boots (worn)
 F - a +0 ring mail of magic resistance
 H - a +1 pair of gloves (worn)
 Y - a +0 cloak (worn)
Jewellery
 j - a +3 ring of protection (right hand)
 s - a +3 ring of evasion (left hand)
 t - an uncursed ring of sustain attributes
 Q - an amulet of resist mutation (around neck)
Wands
 k - a wand of teleportation (0)
 u - a wand of fire (15)
 y - a wand of heal wounds (4)
 A - a wand of flame (31)
 C - a wand of polymorph (6)
Scrolls
 B - 4 scrolls of remove curse
 D - a scroll of fear
 K - a scroll of fog
Potions
 d - 2 potions of might
 f - 2 potions of invisibility
 i - 3 potions of ambrosia {unknown}
 l - 3 potions of heal wounds {unknown}
 m - 2 potions of lignification
 q - 11 potions of curing
 v - 3 potions of mutation {unknown}
 w - a potion of brilliance {unknown}
 z - 2 potions of agility {unknown}
 G - a potion of haste {unknown}
 N - 2 potions of flight {unknown}
Comestibles
 e - 7 bread rations
 h - 6 meat rations
 r - 4 fruits
 x - 4 slices of pizza
 E - 3 chunks of flesh
 O - 7 beef jerkies
 P - a royal jelly


   Skills:
 - Level 3.2 Fighting
 + Level 8.8 Axes
 + Level 10.1 Armour
 + Level 7.6 Dodging
 + Level 11.3 Shields
 - Level 7.1 Invocations


You had 11 spell levels left.
You didn't know any spells.

Dungeon Overview and Level Annotations

Branches:
Dungeon (9/15)             Temple (0/1) D:5            Lair (2/8) D:8
    Orc (0/4) D:9

Altars:
Cheibriados
Dithmenos
Elyvilon
Fedhas
Nemelex Xobeh
Okawaru
Qazlal

Shops:
D:4 }   D:9 [

Annotations:
D:1 1 runed door


Innate Abilities, Weirdness & Mutations

You are under a permanent stasis effect.
You can dig through walls and to a lower floor.
Your four strong arms can wield two-handed weapons with a shield.
You have a pair of large antennae on your head (SInv).
You are very robust (+20% HP).
You expend magic power (3 MP) to strengthen your wands.


Message History

The 15-headed hydra barely misses you.
The 15-headed hydra bites you but does no damage.
You block the 15-headed hydra's attack. The 15-headed hydra bites you!
* * * LOW HITPOINT WARNING * * *
The 15-headed hydra completely misses you.
The 15-headed hydra bites you!
* * * LOW HITPOINT WARNING * * *
Evoke which item? (* to show all) (? for menu, Esc to quit)
Zapping:
k - a wand of teleportation (will waste charges)
Press: ? - help, Shift-Dir - straight line, f - 15-headed hydra
Aim: a 15-headed hydra (moderately wounded, chance to defeat MR: 25%)
The 15-headed hydra resists with almost no effort.
Evoking this partially-identified wand wasted a few charges.
The 15-headed hydra completely misses you.
You block the 15-headed hydra's attack. x2
The 15-headed hydra bites you.
* * * LOW HITPOINT WARNING * * *
You block the 15-headed hydra's attack. The 15-headed hydra misses you.
You block the 15-headed hydra's attack. The 15-headed hydra bites you!
You die...

.##.....P.#P...............P####.
...........((#P..............#...
............###..................
....).......###..................
.............#...................
..............#..................
.................................
.....#####.......................
...### ###....@D...............
..## ### ##....................
.#.###§#######...#...... ......
.....!.≈##......####.... ......
."....≈≈≈.......# ... ......
....###≈##.)...## .. .P.... .#.##
#########.... . ..#... .... ##...
...... ..... ... #.....


You could see a 15-headed hydra.

Vanquished Creatures
  Harold (Lair:2)
  A black mamba (Lair:1)
  A komodo dragon (Lair:1)
  5 spiny frogs (Lair:1)
  A troll (D:9)
  A wyvern (D:8)
  A hungry ghost (D:8)
  3 hippogriffs
  Menkaure (D:4)
  5 water moccasins
  4 porcupines (Lair:1)
  Duvessa (D:4)
  A sky beast (D:5)
  A swamp drake (D:9)
  2 phantoms (D:4)
  3 orc warriors
  2 crocodiles
  12 ogres
  An ice beast (D:5)
  6 centaurs
  5 big kobolds (D:7)
  Blork the orc (D:5)
  9 giant frogs
  Dowan (D:4)
  A wyvern skeleton (D:9)
  4 scorpions
  16 killer bees
  3 crimson imps
  5 hounds
  3 wights (D:6)
  A giant frog zombie (D:6)
  A centaur zombie (D:9)
  3 gnoll shamans
  6 iguanas
  9 orc priests
  12 orc wizards
  2 giant frog skeletons (D:4)
  8 worker ants
  A killer bee zombie (D:9)
  2 hound skeletons (D:5)
  12 adders
  15 gnolls
  16 river rats
  3 worms
  2 adder skeletons (D:4)
  5 giant geckos
  38 orcs
  A ball python (D:1)
  6 giant cockroaches
  13 goblins
  7 hobgoblins
  8 jackals
  9 quokkas
  A ball python skeleton (D:4)
  7 bats
  A giant gecko skeleton (D:4)
  7 giant newts
  A jackal skeleton (D:4)
  7 kobolds
  A quokka skeleton (D:4)
  9 rats
  A butterfly (D:5)
  4 fungi
  2 plants (D:7)
322 creatures vanquished.

Vanquished Creatures (others)
  A plant (D:7)
1 creature vanquished.

Grand Total: 323 creatures vanquished

Notes
Turn   | Place    | Note
--------------------------------------------------------------
     0 | D:1      | Jerry the Formicid Fighter began the quest for the Orb.
     0 | D:1      | Reached XP level 1. HP: 18/18 MP: 1/1
     1 | D:1      | Found a runed door.
     1 | D:1      | Noticed a jelly
    64 | D:1      | Found a snail-covered altar of Cheibriados.
   177 | D:1      | Reached skill level 4 in Shields
   191 | D:1      | Reached XP level 2. HP: 20/24 MP: 2/2
   418 | D:1      | Reached XP level 3. HP: 26/29 MP: 3/3
   516 | D:1      | Reached skill level 5 in Shields
   840 | D:2      | Reached XP level 4. HP: 19/35 MP: 4/4
  1227 | D:2      | Found a snail-covered altar of Cheibriados.
  1228 | D:2      | Found a sparkling altar of Nemelex Xobeh.
  1317 | D:2      | Became a worshipper of Cheibriados the Contemplative
  1602 | D:3      | Found a white marble altar of Elyvilon.
  1820 | D:3      | Reached skill level 6 in Shields
  1820 | D:3      | Reached XP level 5. HP: 4/41 MP: 5/5
  1975 | D:3      | Reached * piety under Cheibriados
  2040 | D:3      | Reached skill level 1 in Dodging
  2448 | D:3      | Reached XP level 6. HP: 37/47 MP: 6/6
  2880 | D:4      | Reached ** piety under Cheibriados
  2916 | D:4      | Noticed Dowan
  2918 | D:4      | Noticed Duvessa
  2929 | D:4      | Killed Duvessa
  2930 | D:4      | Killed Dowan
  2930 | D:4      | Reached XP level 7. HP: 34/52 MP: 7/7
  3012 | D:4      | Reached skill level 1 in Invocations
  3071 | D:4      | Noticed Menkaure
  3071 | D:4      | Reached skill level 5 in Armour
  3076 | D:4      | Killed Menkaure
  3076 | D:4      | Reached skill level 7 in Shields
  3112 | D:4      | Reached XP level 8. HP: 50/58 MP: 9/9
  3152 | D:4      | Found Hyileopp's Gadget Shoppe.
  3196 | D:4      | Reached *** piety under Cheibriados
  3641 | D:5      | Entered Level 5 of the Dungeon
  3641 | D:5      | Found a staircase to the Ecumenical Temple.
  3793 | D:5      | Gained mutation: You are robust (+10% HP). [mutagenic meat]
  3795 | D:5      | Gained mutation: You expend magic power (3 MP) to strengthen your wands. [mutagenic meat]
  3796 | D:5      | Gained mutation: You are very robust (+20% HP). [mutagenic meat]
  4183 | D:5      | Noticed Blork the orc
  4189 | D:5      | Killed Blork the orc
  4343 | D:5      | Reached XP level 9. HP: 76/76 MP: 10/12
  4575 | D:6      | Reached skill level 8 in Shields
  4651 | D:6      | Reached **** piety under Cheibriados
  4655 | D:6      | Reached skill level 5 in Axes
  5339 | D:7      | Reached skill level 5 in Invocations
  5482 | D:7      | Reached skill level 5 in Dodging
  5791 | D:7      | Found an iron altar of Okawaru.
  5798 | D:7      | Got a scorched hand axe
  5827 | D:7      | Reached XP level 10. HP: 77/84 MP: 14/14
  5830 | D:7      | Reached skill level 9 in Shields
  5831 | D:7      | Identified the +10 hand axe of Evil {chop, rElec rPois MP+9 Str-2} (You found it on level 7 of the Dungeon)
  5873 | D:7      | Found a shadowy altar of Dithmenos.
  5877 | D:7      | Found a white marble altar of Elyvilon.
  5880 | D:7      | Found a blossoming altar of Fedhas.
  6231 | D:7      | Reached ***** piety under Cheibriados
  7353 | D:8      | Found a staircase to the Lair.
  7714 | D:8      | Reached XP level 11. HP: 88/90 MP: 16/16
  7716 | D:8      | Reached ****** piety under Cheibriados
  7716 | D:8      | Reached skill level 10 in Shields
  8183 | D:9      | Found a stormy altar of Qazlal.
  8631 | D:9      | Found a staircase to the Orcish Mines.
  8797 | D:9      | Found Qeis's Antique Armour Shop.
  8805 | D:9      | Bought a faintly humming troll leather armour for 580 gold pieces
  8821 | D:9      | Identified the +2 troll leather armour "Peah" {rPois Regen+ rCorr Str+4 Int-3} (You bought it in a shop on level 9 of the Dungeon)
  9058 | Lair:1   | Entered Level 1 of the Lair of Beasts
  9461 | Lair:1   | Reached skill level 11 in Shields
 10045 | Lair:2   | Noticed Harold
 10058 | Lair:2   | Killed Harold
 10058 | Lair:2   | Reached skill level 10 in Armour
 10058 | Lair:2   | Reached XP level 12. HP: 97/97 MP: 17/17
 10082 | Lair:2   | Found a dark tunnel.
 10119 | Lair:2   | Noticed a six-headed hydra
 10135 | Lair:2   | HP: 3/97 [15-headed hydra (3)]
 10135 | Lair:2   | Mangled by a 15-headed hydra

Action                   |  1- 3 |  4- 6 |  7- 9 | 10-12 || total
-------------------------+-------+-------+-------+-------++-------
Melee: War axe           |   115 |   208 |   352 |     3 ||   678
       Hand axe          |       |       |       |   377 ||   377
Invok: Bend Time         |       |       |     3 |     1 ||     4
Evoke: Wand              |       |       |       |     3 ||     3
  Use: Scroll            |       |       |     3 |    17 ||    20
 Stab: Sleeping          |       |       |       |     6 ||     6
  Eat: Chunk             |       |     6 |     9 |     9 ||    24
